 Dungeon Crawl Stone Soup version 0.25-a0-890-g62861fb (webtiles) character file.

Game seed: 6767007331507390086, levelgen mode: deterministic

9 BlueFish the Insei (level 2, -6/18 HPs)
             Began as an Octopode Transmuter on May 6, 2020.
             Mangled by a gnoll (8 damage)
             ... on level 1 of the Dungeon.
             The game lasted 00:00:28 (238 turns).

BlueFish the Insei (Octopode Transmuter)             Turns: 238, Time: 00:00:28

Health: -6/18      AC:  1    Str:  9    XL:     2   Next: 12%
Magic:  4/5        EV: 13    Int: 15    God:
Gold:   14         SH:  0    Dex: 12    Spells: 4/5 levels left

rFire    . . .     SeeInvis .     - Unarmed
rCold    . . .     Gourm    .   (no shield)
rNeg     . . .     Faith    .   (helmet restricted)
rPois    .         Spirit   .   (no amulet)
rElec    .         Reflect  .   (no ring)
rCorr    .         Harm     .   (no ring)
MR       .....                  (no ring)
Stlth    ++........             (no ring)
HPRegen  0.06/turn              (no ring)
MPRegen  0.09/turn              (no ring)
                                (no ring)
                                (no ring)

@: no status effects
A: almost no armour, stealthy swim, amphibious, 8 rings, constrict 8, camouflage
1, gelatinous body 1
a: no special abilities


You were on level 1 of the Dungeon.
You were not hungry.

You visited 1 branch of the dungeon, and saw 1 of its levels.

You collected 14 gold pieces.

Inventory:

Missiles
 a - 20 arrows
Scrolls
 b - a scroll of fog {unknown}
Comestibles
 c - a ration


   Skills:
 * Level 1.0 Fighting
 * Level 2.1 Dodging
 * Level 0.3 Stealth
 * Level 3.2 Unarmed Combat
 + Level 2.0 Spellcasting
 * Level 2.0 Transmutations


You had 4 spell levels left.
You knew the following spells:

 Your Spells              Type           Power        Failure   Level  Hunger
a - Beastly Appendage     Tmut           #.....       10%         1    #......

Your spell library contained the following spells:

 Spells                   Type           Power        Failure   Level  Hunger
 Sticks to Snakes         Tmut           #.......     14%         2    ###....
 Spider Form              Tmut/Pois      #.........   41%         3    ###....
 Ice Form                 Ice/Tmut       #.......     82%         4    #####..
 Blade Hands              Tmut           #.........   95%         5    ######.


Dungeon Overview and Level Annotations

Branches:
Dungeon (1/15)

Altars:


Innate Abilities, Weirdness & Mutations

You cannot wear most types of armour.
You are very stealthy in the water. (Stealth+)
You are amphibious.
You can wear up to eight rings at the same time.
You can use your tentacles to constrict eight enemies at once.
Your skin changes colour to match your surroundings (Stealth+).
Your rubbery body absorbs attacks. (AC +1, EV +1)


Message History

The gnoll is moderately wounded.
The giant cockroach closely misses you. The gnoll hits you!
Ouch! That really hurt!
* * * LOW HITPOINT WARNING * * *
The giant cockroach closely misses you.
You closely miss the giant cockroach. Your grab misses the giant cockroach.
You pierce the giant cockroach.
You kill the giant cockroach!
You have reached level 2!
You tentacle-slap the hobgoblin. You grab the hobgoblin.
The hobgoblin is heavily wounded.
You constrict the hobgoblin. You tentacle-slap the hobgoblin.
You kill the hobgoblin!
You barely miss the gnoll. You grab the gnoll.
You pierce the gnoll, but do no damage.
You squeeze the gnoll!
The gnoll is severely wounded.
Your tentacle spike disappears.
You constrict the gnoll. The gnoll hits you!
You die...

#.###.#########.#
##.....#.......#.######
........................
##############.#.#######
...............#......
.###..####.)##...### .#
##.## #..###..# .#
##.###..##.#.# .#
##.##..#.##@# ..
#.##.##.##g#####... #.
#..###..##w.†...... ##.
##..#..# #........=
#..#..# #.........
##...# #......... #.<.#
#......... #...#
#......... #.(#..#
#.........


You could see a gnoll and a dart slug.

Vanquished Creatures
  A giant cockroach (D:1)
  2 goblins (D:1)
  2 hobgoblins (D:1)
  2 bats (D:1)
  A rat (D:1)
8 creatures vanquished.

Notes
Turn   | Place    | Note
-------+----------+-------------------------------------------
     0 | D:1      | BlueFish the Octopode Transmuter began the quest for the
                  | Orb.
     0 | D:1      | Reached XP level 1. HP: 13/13 MP: 3/3
   235 | D:1      | Reached XP level 2. HP: 1/18 MP: 3/5
   238 | D:1      | Mangled by a gnoll

Levels and vault maps discovered:
D:1:      dpeg_arrival_simpleton_a, layout_basic, grunt_decor_resistance

Action                   || total
-------------------------++-------
Melee: Unarmed           ||    20
       Constrict         ||     5
       Kick              ||     4
       Tentacles         ||     3
 Cast: Beastly Appendage ||     2
 Stab: Sleeping          ||     3
Armor: Skin              ||     2
Dodge: Dodged            ||    12

Table legend:
 A = Non-vault XP
 B = Vault XP
 C = Vault XP percentage of total XP
 D = Non-vault monster count
 E = Vault monster count
 F = Vault count percentage of total count
                 A         B        C        D         E       F
            +---------+---------+-------+---------+---------+-------
      Total |      13 |       0 |   0.0 |       8 |       0 |   0.0
            +---------+---------+-------+---------+---------+-------
        D:1 |      13 |       0 |   0.0 |       8 |       0 |   0.0
            +---------+---------+-------+---------+---------+-------
